 Dungeon Crawl Stone Soup version 0.30.0-29-ga12c61a403 (webtiles) character file.

Game seed: 3077015387460121999

468 qw the Chopper (level 7, -1/44 HPs)
             Began as a Gargoyle Fighter on June 6, 2023.
             Slain by a gnoll bouda
             ... wielding a +0 whip
              (10 damage)
             ... on level 5 of the Dungeon.
             The game lasted 00:01:42 (3419 turns).

qw the Chopper (Gargoyle Fighter)                   Turns: 3419, Time: 00:01:43

Health: -1/44      AC: 12    Str: 28    XL:     7   Next: 8%
Magic:  7/7        EV: 10    Int:  8    God:
Gold:   107        SH:  4    Dex:  9    Spells: 6/6 levels left

rFire   . . .        Y - +1 war axe
rCold   . . .        c - +0 buckler
rNeg    + . .        b - +0 scale mail
rPois   inf          (no helmet)
rElec   +            (no cloak)
rCorr   .            r - +0 pair of gloves
SInv    .            (no boots)
Will    +....        k - amulet of the acrobat Stlth
                     i - +6 ring of strength
HPRegen 0.27/turn    o - ring of willpower
MPRegen 0.10/turn

%: acrobat
@: weakened
A: sickness immunity, AC +4, negative energy resistance 1, electricity
resistance, torment resistance 1, petrification resistance
a: no special abilities


You were on level 5 of the Dungeon.
You visited 1 branch of the dungeon, and saw 5 of its levels.

You collected 222 gold pieces.
You spent 115 gold pieces at shops.


Innate Abilities, Weirdness & Mutations

You are immune to sickness and miasma.
Your stone body is resilient. (AC +4)
You are immune to poison.
You resist negative energy. (rN+)
You are resistant to electric shocks. (rElec)
You are resistant to unholy torment.
You are immune to petrification.


   Skills:
 - Level 4.7 Fighting
 + Level 6.0 Axes
 - Level 3.2 Armour
 - Level 1.0 Dodging
 - Level 3.2 Shields


You had 6 spell levels left.
You didn't know any spells.
Your spell library was empty.

Inventory:

Hand Weapons
 a - a +0 morningstar
 Y - a +1 war axe (weapon)
Armour
 b - a +0 scale mail (worn)
 c - a +0 buckler (worn)
 r - a +0 pair of gloves (worn)
Jewellery
 i - a +6 ring of strength (left hand)
 k - an amulet of the acrobat (around neck)
 o - a ring of willpower (right hand)
Scrolls
 n - a scroll of identify
Potions
 d - a potion of might
 e - a potion of curing
 f - 2 potions of haste
 g - a potion of resistance
 h - a potion of mutation
 l - a potion of lignification
 p - a potion of cancellation {unknown}
 q - a potion of attraction {unknown}
 s - a potion of flight {unknown}

Dungeon Overview and Level Annotations

Branches:
Dungeon (5/15)
 Temple: D:4-7

Altars:
Fedhas
Qazlal
Trog

Shops:
D:3 ?

Annotations:
D:3 2 transporters, qw's ghost, amateur GrFi


Message History

You closely miss the yak. You slash the scorpion! You miss the adder.
You barely miss the iguana.
The scorpion stings you but does no damage.
The quokka bites you but does no damage.
The adder barely misses you. The yak gores you!
The gnoll bouda barks out a call to the hunt!
The gnoll picks up the pace!
The iguana bites you.
The scorpion stings you but does no damage.
The quokka bites you but does no damage.
You block the adder's attack.
You hear a shout!
You slash the quokka!
You kill the quokka!
You hit the yak. You hit the scorpion. You barely miss the adder.
You hit the iguana but do no damage. You block the scorpion's attack.
You block the iguana's attack. The adder barely misses you.
The yak barely misses you.
You slash the scorpion!
You kill the scorpion!
You barely miss the adder. You barely miss the iguana.
You closely miss the yak. The adder bites you but does no damage.
The iguana barely misses you. The yak barely misses you.
The gnoll bouda gazes fiercely through you!
You feel your attacks grow feeble. The adder bites you but does no damage.
The iguana bites you but does no damage.
The yak gores you.
The gnoll bouda gazes fiercely through you!
You feel as though you will be weak longer.
Your Axes skill increases to level 6!
You have reached level 7!
You closely miss the adder.
The adder is heavily wounded.
You hit the iguana. You hit the yak. You hit the gnoll bouda.
The gnoll misses you. The adder closely misses you.
The iguana closely misses you.
A kobold brigand comes into view.
It is wielding a +0 dagger and quivering poisoned darts.
The yak gores you.
The gnoll bouda hits you with a +0 whip!
You die...

........# ...
.......# .$..
...(..#.....
#.....#.....
######!..........
...........#...#.
#........g.#...#
#.....<.@l.?#
#.......OSYg#...#
#.........h#...#K
##...............
#...........#...
#...........#...#
#..........#(..#?
#...##...!..#...


You could see a yak, a black bear, a kobold brigand, an ogre, a gnoll bouda, an
iguana, a gnoll (swift) and an adder.

Vanquished Creatures
  An ogre (D:4)
  A scorpion (D:5)
  A hound (D:4)
  A jelly (D:4)
  Ijyb (D:3)
  A sleepcap (D:4)
  2 orc wizards (D:4)
  7 adders
  A white imp (D:5)
  An ufetubus (D:4)
  A worm (D:3)
  A dart slug (D:4)
  12 orcs
  4 endoplasms
  A giant cockroach (D:3)
  11 goblins
  4 hobgoblins
  5 quokkas
  7 ball pythons
  7 bats
  5 frilled lizards
  5 kobolds
  6 rats
86 creatures vanquished.

Notes
Turn   | Place    | Note
-------+----------+-------------------------------------------
     0 | D:1      | qw the Gargoyle Fighter began the quest for the Orb.
     0 | D:1      | Reached XP level 1. HP: 14/14 MP: 1/1
     0 | D:1      | 0 ||| qw: Version: 0.2-a-108-gee2c290
     0 | D:1      | 0 ||| qw: Game counter: 1508
     0 | D:1      | 0 ||| qw: Always use a shield: true
     0 | D:1      | 0 ||| qw: God list: Okawaru
     0 | D:1      | 0 ||| qw: Allow faded altars: false
     0 | D:1      | 0 ||| qw: Do Orc after D:15 true
     0 | D:1      | 0 ||| qw: Do second Lair branch before Depths: true
     0 | D:1      | 0 ||| qw: Lair rune preference: random
     0 | D:1      | 0 ||| qw: Plans: Normal, Zot:1-4, Slime:5, God:TSO, Crypt,
                  | Tomb, Abyss, Pan, Hells, Win
     0 | D:1      | 0 ||| PLANNING D:1-11
    51 | D:1      | 51 ||| Stepping ~*~*~tactically~*~*~ (stealth).
    53 | D:1      | 53 ||| Stepping ~*~*~tactically~*~*~ (stealth).
    54 | D:1      | 54 ||| Stepping ~*~*~tactically~*~*~ (stealth).
    55 | D:1      | 55 ||| Stepping ~*~*~tactically~*~*~ (stealth).
    56 | D:1      | 56 ||| Stepping ~*~*~tactically~*~*~ (stealth).
    57 | D:1      | 57 ||| Stepping ~*~*~tactically~*~*~ (stealth).
    97 | D:1      | Reached skill level 2 in Axes
   209 | D:1      | 209 ||| Stepping ~*~*~tactically~*~*~ (stealth).
   213 | D:1      | 213 ||| Stepping ~*~*~tactically~*~*~ (stealth).
   218 | D:1      | Reached XP level 2. HP: 19/19 MP: 2/2
   219 | D:1      | 219 ||| Stepping ~*~*~tactically~*~*~ (stealth).
   365 | D:1      | 365 ||| Stepping ~*~*~tactically~*~*~ (hiding).
   473 | D:1      | 473 ||| DROPPING +0 club.
   550 | D:1      | Reached skill level 3 in Axes
   639 | D:1      | Reached XP level 3. HP: 23/23 MP: 3/3
   797 | D:1      | 797 ||| UPGRADING to +6 ring of strength.
   798 | D:1      | 798 ||| UPGRADING to ring of willpower.
   799 | D:1      | 799 ||| READING 2 scrolls labelled NEMISU HEIV.
   800 | D:1      | 800 ||| READING scroll labelled IHISONGI JEMOOGI.
   801 | D:1      | 801 ||| READING scroll labelled ISEBRA XIHIXU.
   802 | D:1      | 802 ||| READING scroll labelled GULUPU YGIUKLO.
   803 | D:1      | 803 ||| READING scroll labelled ZESIWKUWKO.
   804 | D:1      | 804 ||| DRINKING 2 bubbling orange potions.
   805 | D:1      | 805 ||| DROPPING scroll of immolation.
  1277 | D:2      | 1277 ||| Stepping ~*~*~tactically~*~*~ (stealth).
  1278 | D:2      | 1278 ||| Stepping ~*~*~tactically~*~*~ (stealth).
  1710 | D:2      | 1710 ||| UPGRADING to amulet of the acrobat.
  1715 | D:2      | 1715 ||| READING 2 scrolls labelled OVOEKU NIASA.
  1716 | D:2      | 1716 ||| DRINKING 2 smoky silvery potions.
  1825 | D:3      | Reached XP level 4. HP: 28/28 MP: 4/4
  1830 | D:3      | Noticed Ijyb
  1845 | D:3      | Killed Ijyb
  1846 | D:3      | Reached skill level 4 in Axes
  1948 | D:3      | Found a transporter.
  2001 | D:3      | Noticed qw's ghost (amateur GrFi)
  2202 | D:3      | Reached XP level 5. HP: 31/32 MP: 5/5
  2224 | D:3      | Found a transporter.
  2268 | D:3      | Found Gubuzo's Magic Scroll Emporium.
  2284 | D:3      | 2284 ||| BUYING scroll of enchant weapon (75 gold).
  2284 | D:3      | Bought a scroll of enchant weapon for 75 gold pieces
  2284 | D:3      | 2284 ||| BUYING scroll of identify (20 gold).
  2284 | D:3      | Bought a scroll of identify for 20 gold pieces
  2284 | D:3      | 2284 ||| BUYING scroll of identify (20 gold).
  2284 | D:3      | Bought a scroll of identify for 20 gold pieces
  2284 | D:3      | 2284 ||| SHOPLISTING scroll of teleportation (30 gold, have
                  | 22).
  2284 | D:3      | 2284 ||| READING scroll of enchant weapon.
  2284 | D:3      | 2284 ||| ENCHANTING +0 war axe.
  2316 | D:3      | 2316 ||| Stepping ~*~*~tactically~*~*~ (hiding).
  2317 | D:3      | 2317 ||| Stepping ~*~*~tactically~*~*~ (hiding).
  2454 | D:3      | 2454 ||| UPGRADING to +0 pair of gloves.
  2459 | D:3      | 2459 ||| READING scroll labelled CEAJAIR GARPHIUHISY.
  2463 | D:3      | 2463 ||| READING 5 scrolls of identify.
  2463 | D:3      | 2463 ||| IDENTIFYING golden potion
  2464 | D:3      | 2464 ||| READING 4 scrolls of identify.
  2464 | D:3      | 2464 ||| IDENTIFYING viscous inky potion
  2465 | D:3      | 2465 ||| READING 3 scrolls of identify.
  2465 | D:3      | 2465 ||| IDENTIFYING orange potion
  2466 | D:3      | 2466 ||| READING 2 scrolls of identify.
  2466 | D:3      | 2466 ||| IDENTIFYING grey potion
  2467 | D:3      | 2467 ||| DROPPING potion of brilliance.
  2508 | D:4      | 2508 ||| Stepping ~*~*~tactically~*~*~ (stealth).
  2509 | D:4      | 2509 ||| Stepping ~*~*~tactically~*~*~ (hiding).
  2531 | D:4      | 2531 ||| Stepping ~*~*~tactically~*~*~ (stealth).
  2545 | D:4      | 2545 ||| Stepping ~*~*~tactically~*~*~ (stealth).
  2622 | D:4      | Reached skill level 5 in Axes
  2664 | D:4      | Reached skill level 1 in Dodging
  2702 | D:4      | 2702 ||| Stepping ~*~*~tactically~*~*~ (hiding).
  2864 | D:4      | Noticed an ogre
  2871 | D:4      | Reached XP level 6. HP: 11/38 MP: 6/6
  2872 | D:4      | HP: 7/38 [orc/+0 morningstar (4)]
  2873 | D:4      | 2873 ||| DRINKING potion of heal wounds.
  2956 | D:4      | 2956 ||| DROPPING +0 whip.
  3026 | D:4      | Found a blossoming altar of Fedhas.
  3027 | D:4      | Found a bloodstained altar of Trog.
  3099 | D:4      | Found a stormy altar of Qazlal.
  3379 | D:4      | 3379 ||| READING 2 scrolls labelled IVONTI SUCU.
  3380 | D:4      | 3380 ||| READING 3 scrolls of identify.
  3380 | D:4      | 3380 ||| IDENTIFYING brown potion
  3381 | D:4      | 3381 ||| READING 2 scrolls of identify.
  3381 | D:4      | 3381 ||| IDENTIFYING sapphire potion
  3382 | D:4      | 3382 ||| DROPPING scroll of poison.
  3383 | D:4      | 3383 ||| DROPPING potion of degeneration.
  3408 | D:5      | Entered Level 5 of the Dungeon
  3408 | D:5      | Noticed a yak
  3414 | D:5      | Noticed a black bear
  3418 | D:5      | HP: 9/39 [yak (6)]
  3419 | D:5      | Reached skill level 6 in Axes
  3419 | D:5      | Reached XP level 7. HP: 10/44 MP: 7/7
  3419 | D:5      | Slain by a gnoll bouda

Levels and vault maps discovered:
D:1:      matt_arrival_grand_opening, layout_loops_cross
D:2:      layout_loops_corners
D:3:      layout_basic, gammafunk_ghost_arena, serial_shops, shop,
          amcnicky_mini_pool_small, uniq_ijyb
D:4:      layout_basic, general_overflow_altar, gammafunk_temple_overflow_statue
D:5:      cheibrodos_fzero, layout_gridville,
          mainiacjoe_overflow_surrounded_room, overflow_temple_1_default,
          uniq_crazy_yiuf_cottage

Skill      XL: |  1  2  3  4  5  6 |
---------------+-------------------+-----
Axes           | 2 3 4 5 6 |  6.0
Dodging        | 1 |  1.0
Fighting       | 4 |  4.7
Armour         | |  3.2
Shields        | |  3.2

Action                     |  1- 3 |  4- 6 |  7- 9 || total
---------------------------+-------+-------+-------++-------
  Melee: War axe           |    94 |   131 |     1 ||   226
    Use: Scroll            |     6 |     9 |       ||    15
         Potion            |     2 |     1 |       ||     3
   Stab: Distracted        |     1 |       |       ||     1
 Armour: Scale mail        |    41 |    74 |       ||   115
         Skin              |       |    15 |       ||    15
  Dodge: Dodged            |    36 |    66 |     3 ||   105
  Block: Buckler           |    17 |    26 |       ||    43

Table legend:
 A = Non-vault XP
 B = Vault XP
 C = Vault XP percentage of total XP
 D = Non-vault monster count
 E = Vault monster count
 F = Vault count percentage of total count
                 A         B        C        D         E       F
            +---------+---------+-------+---------+---------+-------
      Total |     530 |     139 |  20.8 |      81 |       5 |   5.8
            +---------+---------+-------+---------+---------+-------
        D:1 |      38 |       0 |   0.0 |      25 |       0 |   0.0
        D:2 |      25 |       0 |   0.0 |       8 |       0 |   0.0
        D:3 |      81 |      36 |  30.8 |      22 |       1 |   4.3
        D:4 |     386 |       0 |   0.0 |      26 |       0 |   0.0
        D:5 |       0 |     103 | 100.0 |       0 |       4 | 100.0
            +---------+---------+-------+---------+---------+-------
